 Dungeon Crawl Stone Soup version 0.22-a0-63-geddfa9b (webtiles) character file.

30 Amnesiac the Gusty (level 3, -5/22 HPs)
             Began as a Tengu Air Elementalist on Jan 10, 2018.
             Slain by a hound (6 damage)
             ... on level 2 of the Dungeon.
             The game lasted 00:02:15 (812 turns).

Amnesiac the Gusty (Tengu Air Elementalist)          Turns: 812, Time: 00:02:16

Health: -5/22      AC:  2    Str:  8    XL:     3   Next: 18%
Magic:  7/7        EV: 13    Int: 16    God:
Gold:   60         SH:  0    Dex: 14    Spells: 5/6 levels left

rFire    . . .     SeeInvis .   k - +0 dagger (venom)
rCold    . . .     Gourm    .   (no shield)
rNeg     . . .     Faith    .   a - +0 robe
rPois    .         Spirit   .   (helmet restricted)
rElec    .         Reflect  .   (no cloak)
rCorr    .         Harm     .   (no gloves)
MR       .....                  (boots unavailable)
Stlth    ++........             (no amulet)
HPRegen  0.07/turn              (no ring)
MPRegen  0.10/turn              (no ring)

@: no status effects
A: beak, talons 3
a: no special abilities


You were on level 2 of the Dungeon.
You were not hungry.

You visited 1 branch of the dungeon, and saw 2 of its levels.

You collected 60 gold pieces.

Inventory:

Hand Weapons
 k - a +0 dagger of venom (weapon)
Missiles
 l - a throwing net (quivered)
Armour
 a - a +0 robe (worn)
Scrolls
 d - a scroll of enchant weapon {!r, unknown}
 f - 2 scrolls of remove curse {!r, unknown}
 g - a scroll of magic mapping {!r, unknown}
 i - 2 scrolls of fear {!r, unknown}
 j - a scroll of identify {!r, unknown}
Potions
 e - 3 potions of curing {!q, unknown}
 h - a potion of brilliance {!q, unknown}
Books
 b - a book of Air

   Spells                             Type                      Level
   a - Shock                          Conjuration/Air              1
   b - Swiftness                      Charms/Air                   2
   c - Static Discharge               Conjuration/Air              3
   d - Airstrike                      Air                          4
   e - Lightning Bolt                 Conjuration/Air              5
Comestibles
 c - 2 rations


   Skills:
 + Level 2.3 Fighting
 + Level 2.6 Dodging
 - Level 2.0 Stealth
 - Level 2.0 Spellcasting
 - Level 1.3 Conjurations
 - Level 4.0 Air Magic


You had 5 spell levels left.
You knew the following spells:

 Your Spells              Type           Power        Failure   Level  Hunger
a - Shock                 Conj/Air       ##..         7%          1    #......


Dungeon Overview and Level Annotations

Branches:
Dungeon (2/15)

Altars:


Innate Abilities, Weirdness & Mutations

You have a beak for a mouth.
You have claws for feet.


Message History

Found a ring mail.
The bat misses you. The bat barely misses you.
An orc comes into view. It is wielding a flail.
The bat closely misses you. The bat hits you but does no damage.
You barely miss the bat. The bat hits you. The bat hits you but does no damage.
You miss the bat. You claw the bat.
The bat is heavily wounded.
The bat misses you. The bat hits you. The bat barely misses you.
The bat completely misses you. The bat hits you but does no damage.
You hit the bat but do no damage.
The bat is poisoned.
The bat is moderately wounded.
The bat closely misses you. The goblin closely misses you.
You hit the goblin.
The goblin is poisoned.
The goblin is severely wounded.
The bat hits you but does no damage. The goblin misses you.
A hound comes into view.
You kill the goblin!
The bat hits you but does no damage.
You hit the bat.
You kill the bat!
The hound barks!
Found 20 arrows.
You hit the orc.
The orc is poisoned.
The orc is lightly wounded.
The orc hits you with a flail!
* * * LOW HITPOINT WARNING * * *
You barely miss the orc. You claw the orc.
The orc is almost dead.
You kill the orc!
The hound misses you.
You hit the hound.
The hound is poisoned.
The hound is lightly wounded.
The hound misses you.
You completely miss the hound.
The hound is lightly wounded.
The hound bites you.
* * * LOW HITPOINT WARNING * * *
The hound misses you.
You closely miss the hound.
The hound is lightly wounded.
The hound bites you.
* * * LOW HITPOINT WARNING * * *
Unknown command.
Unknown command.
You closely miss the hound. You claw the hound, but do no damage.
The hound is lightly wounded.
The hound misses you. The hound bites you.
* * * LOW HITPOINT WARNING * * *
Unknown command.
Unknown command.
You closely miss the hound. You claw the hound.
The hound is moderately wounded.
The hound closely misses you.
Unknown command.
Unknown command.
Unknown command.
You closely miss the hound. You peck the hound.
The hound is heavily wounded.
The hound looks more healthy.
The hound bites you.
You die...

############
#.(.[......#
#..........#
#(.........# ###
#.........<## ....
#...........# #....
#.....@.....# #.....
######h####.##......
#.## #.#.......
#..###......... ##
#.......#......
###.###.......#.....g
..........<..........
...h..#...†..........
...#....)............


You could see a hound.

Vanquished Creatures
  2 dart slugs (D:1)
  An orc (D:2)
  4 bats
  4 goblins
  4 hobgoblins
  3 kobolds (D:1)
  A ball python (D:1)
  2 frilled lizards (D:1)
  2 rats (D:1)
23 creatures vanquished.

Notes
Turn   | Place    | Note
-------+----------+-------------------------------------------
     0 | D:1      | Amnesiac the Tengu Air Elementalist began the quest for the Orb.
     0 | D:1      | Reached XP level 1. HP: 10/10 MP: 4/4
    43 | D:1      | Reached skill level 1 in Fighting
   148 | D:1      | Reached XP level 2. HP: 16/16 MP: 1/6
   779 | D:2      | Reached XP level 3. HP: 16/21 MP: 7/7
   810 | D:2      | HP: 1/22 [hound (1)]
   812 | D:2      | Slain by a hound

Vault maps used:
D:1:      dpeg_arrival_stone_temple_mockup
D:2:      first_ration, minmay_misc_feat_enclosed

Skill      XL: |  1  2 |
---------------+-------+-----
Fighting       | 1 2 |  2.3
Dodging        | |  2.6
Stealth        | |  2.0
Spellcasting   | |  2.0
Conjurations   | |  1.3
Air Magic      | |  4.0

Action                   || total
-------------------------++-------
Melee: Dagger            ||    31
       Kick              ||    10
       Peck              ||     4
       Unarmed           ||     2
 Cast: Shock             ||    17
Armor: Robe              ||    10
Dodge: Dodged            ||    29

Table legend:
 A = Spawn XP
 B = Non-spawn XP
 C = Spawn XP percentage of total XP
 D = Spawn monster count
 E = Non-spawn monster count
 F = Spawn count percentage of total count
 G = Total turns spent on level
                    A         B        C        D         E        F      G
               +---------+---------+-------+---------+---------+-------+---------
         Total |       0 |      43 |   0.0 |       0 |      23 |   0.0 |   812
               +---------+---------+-------+---------+---------+-------+---------
           D:1 |       0 |      33 |   0.0 |       0 |      18 |   0.0 |   766
           D:2 |       0 |      10 |   0.0 |       0 |       5 |   0.0 |    46
               +---------+---------+-------+---------+---------+-------+---------
